 Dungeon Crawl Stone Soup version 0.17-a0-1533-g2f57bce (webtiles) character file.

1923 ololoev the Carver (level 8, -3/55 HPs)
             Began as a Vampire Warper on July 16, 2015.
             Slain by a black bear (4 damage)
             ... on level 7 of the Dungeon.
             The game lasted 00:22:34 (8062 turns).

ololoev the Carver (Vampire Warper)                 Turns: 8062, Time: 00:22:34

Health: -3/55      AC: 12    Str: 12    XL:     8   Next: 96%
Magic:  11/11      EV: 12    Int: 15    God:
Gold:   203        SH:  0    Dex: 14    Spells: 2 memorised, 8 levels left

rFire  + . .     SeeInvis +     a - +0 falchion
rCold  . . .     Clarity  +     p - +4 ring mail {rPois}
rNeg   . . .     SustAt   .     (no shield)
rPois  +         Gourm    .     (no helmet)
rElec  .         Spirit   .     f - +1 cloak
rCorr  .         Warding  .     (no gloves)
rMut   .         Stasis   .     (no boots)
MR     .....                    h - amulet of clarity
Stlth  +.........               (no ring)
                                k - ring of protection from fire

@: regenerating quickly, not resistant to hostile enchantments, very unstealthy
A: fangs 3, see invisible, unbreathing
a: no special abilities


Innate Abilities, Weirdness & Mutations

Your natural rate of healing is unusually fast.
You have razor-sharp teeth.
You have supernaturally acute eyesight.
You can survive without breathing.

Inventory:

Hand weapons
 a - a +0 falchion (weapon)
Armour
 f - a +1 cloak (worn)
 p - a +4 ring mail of poison resistance (worn)
Jewellery
 e - an uncursed amulet of warding
 h - an amulet of clarity (around neck)
 k - a ring of protection from fire (left hand)
Magical devices
 l - a wand of teleportation (0)
Scrolls
 d - 2 scrolls of blinking
 i - a scroll of amnesia
 n - a scroll of remove curse
Potions
 m - a potion of cure mutation {unknown}
 o - a potion of brilliance
 r - a potion of flight


   Skills:
 - Level 1.7 Fighting
 * Level 9.7 Long Blades
 - Level 0.7 Throwing
 - Level 4.4 Armour
 + Level 4.8 Dodging
 - Level 2.0 Spellcasting
 - Level 2.4 Translocations


You had 8 spell levels left.
You knew the following spells:

 Your Spells              Type           Power        Failure   Level  Hunger
a - Apportation           Tloc           #.........   21%         1    #......
b - Blink                 Tloc           N/A          30%         2    ###....


You were on level 7 of the Dungeon.
You were very full.

You visited 1 branch of the dungeon, and saw 7 of its levels.

You collected 203 gold pieces.

.. #..###...####..
###... ##...##..##....
##..#.# ##..#....##..#..
#.....# #..######...##..
......# ##.## ##.)#...
......# #..# ##(#...
......# ##/## ##....
......# #.## #....
......# ##@# #....
......## ##h## ######
##... .......##
#.(#####....# ##.#
........# ##...........#
#.. .......##
###)..........# ##.
#.....##
##.............# #.
##..###
##..............# ##
#...# ##...............#
##
#...###................#
###.

Notes
Turn   | Place    | Note
--------------------------------------------------------------
     0 | D:1      | ololoev the Vampire Warper began the quest for the Orb.
     0 | D:1      | Reached XP level 1. HP: 16/16 MP: 3/3
    81 | D:1      | Reached skill level 1 in Armour
   279 | D:1      | Reached XP level 2. HP: 22/22 MP: 5/5
   836 | D:1      | Reached skill level 3 in Long Blades
   903 | D:2      | Reached XP level 3. HP: 27/27 MP: 6/6
  1403 | D:2      | Learned a level 2 spell: Blink
  2266 | D:3      | Reached XP level 4. HP: 26/33 MP: 7/7
  2615 | D:3      | Reached skill level 4 in Long Blades
  3079 | D:4      | Reached XP level 5. HP: 31/38 MP: 8/8
  3341 | D:4      | Reached skill level 5 in Long Blades
  3379 | D:4      | Noticed Blork the orc
  3390 | D:4      | Killed Blork the orc
  3390 | D:4      | Reached XP level 6. HP: 27/44 MP: 9/9
  3409 | D:4      | Noticed TheHolyPigeon's ghost (average VSAs)
  3828 | D:4      | Killed TheHolyPigeon's ghost
  3855 | D:4      | Reached skill level 6 in Long Blades
  3945 | D:4      | HP: 2/44 [orc priest/nerve-wracking pain (14)]
  4070 | D:4      | Noticed a phantom
  4129 | D:4      | Killed a phantom
  4129 | D:4      | Reached XP level 7. HP: 21/49 MP: 10/10
  4812 | D:5      | Entered Level 5 of the Dungeon
  4870 | D:5      | Reached skill level 7 in Long Blades
  4991 | D:5      | You fall through a shaft!
  5528 | D:5      | Found an ancient bone altar of Kikubaaqudgha.
  5615 | D:5      | Reached XP level 8. HP: 55/55 MP: 11/11
  5929 | D:6      | Reached skill level 8 in Long Blades
  6046 | D:6      | Found a staircase to the Ecumenical Temple.
  6207 | D:7      | Noticed Dowan
  6305 | D:7      | Noticed Duvessa
  7077 | D:6      | Reached skill level 9 in Long Blades
  7943 | D:7      | Killed Duvessa
  8019 | D:7      | Noticed Prince Ribbit
  8023 | D:7      | Found a bloodstained altar of Trog.
  8061 | D:7      | HP: 1/55 [black bear (4)]
  8062 | D:7      | Slain by a black bear

Dungeon Overview and Level Annotations

Branches:
Dungeon (7/15)             Temple (0/1) D:6

Altars:
Kikubaaqudgha
Trog

Annotations:
D:7 Dowan, Prince Ribbit


Message History

The black bear closely misses you.
You hit the black bear. Your bite misses the black bear.
The black bear is severely wounded.
The black bear goes berserk!
You hit the black bear but do no damage.
The black bear is severely wounded.
The black bear barely misses you. The black bear misses you.
The black bear claws you but does no damage.
You barely miss the black bear.
The black bear is severely wounded.
The black bear bites you! The black bear barely misses you.
The black bear claws you.
You hit the black bear.
The black bear is almost dead.
The black bear barely misses you. The black bear claws you.
The black bear claws you but does no damage.
The black bear bites you but does no damage.
The black bear barely misses you.
The black bear claws you but does no damage.
You hit the black bear.
The black bear is almost dead.
The black bear barely misses you. The black bear claws you.
The black bear barely misses you.
You barely miss the black bear.
The black bear is almost dead.
The black bear bites you. The black bear completely misses you.
The black bear closely misses you.
You hit the black bear but do no damage.
The black bear is almost dead.
The black bear closely misses you. The black bear misses you.
The black bear claws you but does no damage.
You barely miss the black bear.
The black bear is almost dead.
The black bear bites you! The black bear claws you. The black bear claws you.
The black bear bites you. The black bear misses you.
The black bear claws you but does no damage.
You hit the black bear.
The black bear is almost dead.
The black bear bites you.
You die...

You could see a black bear (berserk).

Vanquished Creatures
  Duvessa (D:7)
  An orc warrior (D:6)
  A phantom (D:4)
  A black bear (D:7)
  An ogre (D:5)
  A centaur (D:7)
  Blork the orc (D:4)
  The ghost of TheHolyPigeon the Sneak, an average VSAs of Trog (D:4)
  2 giant frogs
  A scorpion (D:5)
  5 wights (D:6)
  A crimson imp (D:5)
  A giant frog zombie (D:5)
  A jelly (D:7)
  2 orc priests
  A centaur skeleton (D:5)
  3 hounds
  A giant frog skeleton (D:5)
  3 iguanas
  6 orc wizards
  7 worker ants
  3 adders
  A shadow imp (D:6)
  An adder skeleton (D:5)
  3 worms
  2 giant geckos
  17 orcs
  A ball python (D:3)
  A bat zombie (D:6)
  6 hobgoblins
  9 jackals
  2 quokkas
  15 bats
  3 giant cockroaches
  A giant gecko skeleton (D:3)
  4 giant newts
  8 goblins
  8 kobolds
  8 rats
  A rat zombie (D:5)
136 creatures vanquished.

Action                   |  1- 3 |  4- 6 |  7- 9 || total
-------------------------+-------+-------+-------++-------
Melee: Falchion          |   145 |   216 |   488 ||   849
Throw: Tomahawk          |     5 |       |       ||     5
       Throwing net      |       |       |     3 ||     3
       Javelin           |       |       |    23 ||    23
 Cast: Blink             |       |     3 |       ||     3
Evoke: Wand              |       |     4 |    14 ||    18
  Use: Potion            |     1 |     6 |     1 ||     8
       Scroll            |       |    12 |    11 ||    23
 Stab: Held in net/web   |       |       |     3 ||     3
  Eat: Corpse            |     7 |     9 |    20 ||    36

Vault maps used:
D:1:      ncdulo_watergridlock
D:4:      first_bread, minmay_misc_feat_columns, uniq_blork_the_orc
D:5:      lemuel_zombie_altar_kikubaaqudgha
D:6:      minmay_temple_entry_from_below_a, serial_bayou_pond_d,
          minmay_misc_feat_encased
D:7:      serial_bayou_pond_d, grunt_ogre_cave, trog_ov_bears_minmay,
          uniq_prince_ribbit1, uniq_duvessa, uniq_crazy_yiuf_cottage
